 Seeded DCSS version 0.30.1-11-g7821555f0a (webtiles) character file.

Game seed: 12756009894327649987 (custom seed)

666 Psyclone the Destroyer (level 7, 57/57 HPs)
             Began as a Gnoll Conjurer on Nov 6, 2023.
             Quit the game on level 2 of the Dungeon.
             The game lasted 00:04:50 (2750 turns).

Psyclone the Destroyer (Gnoll Conjurer)             Turns: 2750, Time: 00:04:51

Health: 57/57      AC:  2    Str:  4 (6)  XL:     7   Next: 57%
Magic:  13/18      EV: 14    Int: 19 (20) God:
Gold:   135        SH:  0    Dex:  9 (10) Spells: 18/21 levels left

rFire   . .          .
                       - Unarmed
rCold   . . .        (no shield)
rNeg    . . .        a - +0 robe
rPois   .            (no helmet)
rElec   .            (no cloak)
rCorr   .            (no gloves)
SInv    .            (no boots)
Will    .....        (no amulet)
Stlth   +++          (no ring)
HPRegen 0.29/turn    (no ring)
MPRegen 0.16/turn

%: no passive effects
@: no status effects
A: fangs 1, strong nose, distributed training
a: no special abilities


You were on level 2 of the Dungeon.
You visited 1 branch of the dungeon, and saw 2 of its levels.

You collected 135 gold pieces.

Inventory:

Armour
 a - a +0 robe (worn)
Jewellery
 d - a ring of flight
 f - a ring of positive energy
 g - an amulet of guardian spirit
Scrolls
 c - a scroll of noise {unknown}
 e - 2 scrolls of identify {unknown}
 i - a scroll of blinking {unknown}
 j - a scroll of magic mapping {unknown}
 l - a scroll of fear {unknown}
 p - a scroll of enchant weapon {unknown}
Potions
 b - a potion of magic
 h - a potion of might {unknown}
 m - a potion of haste {unknown}
 n - a potion of degeneration
 o - a potion of curing {unknown}


   Skills:
 + Level 5.8 Fighting
 + Level 5.8 Short Blades
 + Level 5.8 Long Blades
 + Level 5.8 Axes
 + Level 5.8 Maces & Flails
 + Level 5.8 Polearms
 + Level 5.8 Staves
 + Level 5.8 Ranged Weapons
 + Level 5.8 Throwing
 + Level 5.8 Armour
 + Level 7.5 Dodging
 + Level 7.3 Stealth
 + Level 5.8 Shields
 + Level 5.8 Unarmed Combat
 + Level 7.8 Spellcasting
 + Level 8.7 Conjurations
 + Level 4.8 Hexes
 + Level 4.8 Summonings
 + Level 4.8 Necromancy
 + Level 4.8 Translocations
 + Level 4.8 Transmutations
 + Level 4.8 Fire Magic
 + Level 4.8 Ice Magic
 + Level 4.8 Air Magic
 + Level 4.8 Earth Magic
 + Level 4.8 Poison Magic
 + Level 6.4 Invocations
 + Level 5.8 Evocations


You had 18 spell levels left.
You knew the following spells:

 Your Spells              Type           Power      Damage    Failure   Level
a - Magic Dart            Conj           100%       1d8       1%          1
b - Searing Ray           Conj           80%        2d7       1%          2

Your spell library contained the following spells:

 Spells                   Type           Power      Damage    Failure   Level
 Dazzling Flash           Conj/Hex       66%        N/A       1%          3
 Fulminant Prism          Conj/Hex       16%        3d10      5%          4
 Iskenderun's Mystic Bla  Conj/Tloc      33%        2d8       5%          4


Dungeon Overview and Level Annotations

Branches:
Dungeon (2/15) Zot: 9248

Altars:


Innate Abilities, Weirdness & Mutations

You have very sharp teeth.
Your uncanny sense of smell can sniff out nearby items.
Your experience applies equally to all skills.


Message History

Your Air Magic skill gained 2 levels and is now at level 3!
Your Earth Magic skill gained 2 levels and is now at level 3!
Your Poison Magic skill gained 2 levels and is now at level 3!
Your Invocations skill gained 4 levels and is now at level 5!
Your Evocations skill gained 3 levels and is now at level 4!
You have reached level 6!
Health restored: 49 You feel more experienced!
Your Fighting skill increases to level 5!
Your Short Blades skill increases to level 5!
Your Long Blades skill increases to level 5!
Your Axes skill increases to level 5!
Your Maces & Flails skill increases to level 5!
Your Polearms skill increases to level 5!
Your Staves skill increases to level 5!
Your Ranged Weapons skill increases to level 5!
Your Throwing skill increases to level 5!
Your Armour skill increases to level 5!
Your Dodging skill increases to level 7!
Your Stealth skill increases to level 7!
Your Shields skill increases to level 5!
Your Unarmed Combat skill increases to level 5!
Your Spellcasting skill increases to level 7!
Your Hexes skill increases to level 4!
Your Summonings skill increases to level 4!
Your Necromancy skill increases to level 4!
Your Translocations skill increases to level 4!
Your Transmutations skill increases to level 4!
Your Fire Magic skill increases to level 4!
Your Ice Magic skill increases to level 4!
Your Air Magic skill increases to level 4!
Your Earth Magic skill increases to level 4!
Your Poison Magic skill increases to level 4!
Your Invocations skill increases to level 6!
Your Evocations skill increases to level 5!
You have reached level 7!
Health restored: 57 Unknown command.
Unknown command.
Are you sure you want to abandon this character and quit the game? (Confirm with "yes".)

# ##### ♣♣####..........# #
#)..#♣♣ ♣♣..'.#..........# #
#...).♣♣♣♣................# #
#...#♣..♣.................# #
#####♣♣♣.♣...+..###.####..# #
♣♣♣♣♣##### #.# #..##### # #.#
#.......
#####################.#####.#####
##.#....#.......@...........#
##.###.##############.#######
##............# #.#
######.######.# #.# # #.# #.# #.#
# #[# #.#######.# #.# #.........#
#.# ###########
#.##########################


There were no monsters in sight!

Vanquished Creatures
  Crazy Yiuf (D:2)
  2 orc priests (D:2)
  3 gnolls (D:2)
  An adder (D:2)
  A worm (D:2)
  A dart slug (D:2)
  3 orcs (D:2)
  A ball python (D:1)
  3 bats
  5 endoplasms
  A giant cockroach (D:1)
  7 hobgoblins
  4 quokkas
  2 frilled lizards
  6 goblins
  A kobold (D:2)
42 creatures vanquished.

Notes
Turn   | Place    | Note
-------+----------+-------------------------------------------
     0 | D:1      | Psyclone the Gnoll Conjurer began the quest for the Orb.
     0 | D:1      | Reached XP level 1. HP: 13/13 MP: 6/6
   184 | D:1      | Reached XP level 2. HP: 19/19 MP: 2/7
   335 | D:1      | Learned a level 2 spell: Searing Ray
   399 | D:1      | Found a faded altar of an unknown god.
   799 | D:2      | Reached skill level 5 in Spellcasting
   799 | D:2      | Reached XP level 3. HP: 25/25 MP: 1/9
  1071 | D:2      | Reached skill level 1 in Fighting
  1071 | D:2      | Reached skill level 1 in Short Blades
  1071 | D:2      | Reached skill level 1 in Long Blades
  1071 | D:2      | Reached skill level 1 in Axes
  1071 | D:2      | Reached skill level 1 in Maces & Flails
  1071 | D:2      | Reached skill level 1 in Polearms
  1071 | D:2      | Reached skill level 1 in Staves
  1071 | D:2      | Reached skill level 1 in Ranged Weapons
  1071 | D:2      | Reached skill level 1 in Throwing
  1071 | D:2      | Reached skill level 1 in Armour
  1071 | D:2      | Reached skill level 1 in Shields
  1071 | D:2      | Reached skill level 1 in Unarmed Combat
  1071 | D:2      | Reached skill level 1 in Invocations
  1071 | D:2      | Reached skill level 1 in Evocations
  1075 | D:2      | Reached skill level 1 in Hexes
  1075 | D:2      | Reached skill level 1 in Summonings
  1075 | D:2      | Reached skill level 1 in Necromancy
  1075 | D:2      | Reached skill level 1 in Translocations
  1075 | D:2      | Reached skill level 1 in Transmutations
  1075 | D:2      | Reached skill level 1 in Fire Magic
  1075 | D:2      | Reached skill level 1 in Ice Magic
  1075 | D:2      | Reached skill level 1 in Air Magic
  1075 | D:2      | Reached skill level 1 in Earth Magic
  1075 | D:2      | Reached skill level 1 in Poison Magic
  1075 | D:2      | Reached XP level 4. HP: 21/32 MP: 0/11
  1897 | D:2      | Found a runed translucent door.
  1898 | D:2      | Noticed Crazy Yiuf
  1907 | D:2      | Killed Crazy Yiuf
  1908 | D:2      | Reached XP level 5. HP: 37/37 MP: 3/12
  2748 | D:2      | Reached skill level 8 in Conjurations
  2748 | D:2      | Reached skill level 5 in Invocations
  2748 | D:2      | Reached XP level 6. HP: 49/49 MP: 12/15
  2749 | D:2      | Reached skill level 5 in Fighting
  2749 | D:2      | Reached skill level 5 in Short Blades
  2749 | D:2      | Reached skill level 5 in Long Blades
  2749 | D:2      | Reached skill level 5 in Axes
  2749 | D:2      | Reached skill level 5 in Maces & Flails
  2749 | D:2      | Reached skill level 5 in Polearms
  2749 | D:2      | Reached skill level 5 in Staves
  2749 | D:2      | Reached skill level 5 in Ranged Weapons
  2749 | D:2      | Reached skill level 5 in Throwing
  2749 | D:2      | Reached skill level 5 in Armour
  2749 | D:2      | Reached skill level 5 in Shields
  2749 | D:2      | Reached skill level 5 in Unarmed Combat
  2749 | D:2      | Reached skill level 5 in Evocations
  2749 | D:2      | Reached XP level 7. HP: 57/57 MP: 13/18
  2750 | D:2      | Quit the game

Illustrated notes

Levels and vault maps discovered:
D:1:      dpeg_arrival_pits, layout_basic, ebering_ecumenical_altar_box
D:2:      layout_basic, minmay_goblin_outpost, uniq_crazy_yiuf_cottage

Skill      XL: |  1  2  3  4  5  6 |
---------------+-------------------+-----
Spellcasting   | 5 6 7 |  7.8
Fighting       | 1 4 5 |  5.8
Short Blades   | 1 4 5 |  5.8
Long Blades    | 1 4 5 |  5.8
Axes           | 1 4 5 |  5.8
Maces & Flails | 1 4 5 |  5.8
Polearms       | 1 4 5 |  5.8
Staves         | 1 4 5 |  5.8
Ranged Weapons | 1 4 5 |  5.8
Throwing       | 1 4 5 |  5.8
Armour         | 1 4 5 |  5.8
Shields        | 1 4 5 |  5.8
Unarmed Combat | 1 4 5 |  5.8
Invocations    | 1 5 6 |  6.4
Evocations     | 1 4 5 |  5.8
Hexes          | 1 3 4 |  4.8
Summonings     | 1 3 4 |  4.8
Necromancy     | 1 3 4 |  4.8
Translocations | 1 3 4 |  4.8
Transmutations | 1 3 4 |  4.8
Fire Magic     | 1 3 4 |  4.8
Ice Magic      | 1 3 4 |  4.8
Air Magic      | 1 3 4 |  4.8
Earth Magic    | 1 3 4 |  4.8
Poison Magic   | 1 3 4 |  4.8
Dodging        | 6 7 |  7.5
Stealth        | 6 7 |  7.3
Conjurations   | 8 |  8.7

Action                     |  1- 3 |  4- 6 |  7- 9 || total
---------------------------+-------+-------+-------++-------
   Cast: Magic Dart        |    23 |    48 |       ||    71
         Searing Ray       |     4 |     6 |       ||    10
    Use: Potion            |       |     3 |       ||     3
 Armour: Robe              |       |     1 |       ||     1
  Dodge: Dodged            |     2 |     9 |       ||    11
